 Dungeon Crawl Stone Soup version 0.31-a0-596-g831eee08f1 (webtiles) character file.

Game seed: 789959506293780902

313 BubbleThief the Ruffian (level 6, -3/43 HPs)
             Began as an Octopode Shapeshifter on Aug 21, 2023.
             Killed from afar by an orc wizard (8 damage)
             ... with a magic dart
             ... on level 4 of the Dungeon.
             The game lasted 00:04:55 (3497 turns).

BubbleThief the Ruffian (Octopode Shapeshifter)     Turns: 3497, Time: 00:04:56

Health: -3/43      AC:  1    Str: 16    XL:     6   Next: 43%
Magic:  6/6        EV: 13    Int: 10    God:
Gold:   207        SH:  0    Dex: 13    Spells: 5/5 levels left

rFire   . .          .
                       - Unarmed
rCold   . . .        (no shield)
rNeg    . . .        (helmet currently unavailable)
rPois   .            (no amulet)
rElec   .            j - ring of flight
rCorr   .            (no ring)
SInv    .            (no ring)
Will    .....        (no ring)
Stlth   ++           (no ring)
HPRegen 0.27/turn    (no ring)
MPRegen 0.10/turn    (no ring)
                     (no ring)

%: no passive effects
@: confused, beast-form, flying
A: beast (slay +2), almost no armour, amphibious, 8 rings, camouflage 1,
gelatinous body 1, (nimble swimmer 1), tentacles, deterioration 1, wild magic 1
a: Begin Untransformation


You were on level 4 of the Dungeon.
You were a hulking beast.
You visited 1 branch of the dungeon, and saw 4 of its levels.

You collected 207 gold pieces.

Inventory:

Missiles
 r - a throwing net
Jewellery
 g - an amulet of faith
 j - a ring of flight (left tentacle)
Talismans
 b - a beast talisman (active)
 c - a flux talisman
Scrolls
 d - a scroll of torment {unknown}
 f - a scroll of blinking {unknown}
 h - 4 scrolls of identify {unknown}
 i - 2 scrolls of vulnerability {unknown}
 k - a scroll of brand weapon {unknown}
 n - a scroll of revelation {unknown}
 q - a scroll of fear {unknown}
 t - a scroll of enchant weapon {unknown}
 u - a scroll of noise {unknown}
 w - a scroll of poison {unknown}
Potions
 a - 2 potions of lignification
 l - a potion of haste {unknown}
 m - a potion of attraction {unknown}
 o - a potion of brilliance {unknown}
 p - a potion of magic {unknown}
 s - a potion of curing {unknown}
 v - 2 potions of invisibility {unknown}


   Skills:
 + Level 3.6 Fighting
 - Level 2.0 Dodging
 + Level 4.6 Unarmed Combat
 + Level 4.2 Shapeshifting


You had 5 spell levels left.
You didn't know any spells.
Your spell library contained the following spells:

 Spells                   Type           Power      Damage    Failure   Level
 Hailstorm                Conj/Ice       0%         3d3       82%         3
 Vhi's Electric Charge    Tloc/Air       0%         N/A       82%         3
 Summon Ice Beast         Ice/Summ       0%         N/A       99%         4
 Arcjolt                  Conj/Air       0%         1d10      100%        5
 Simulacrum               Ice/Necr       0%         N/A       100%        6
 Maxwell's Capacitive Co  Air            0%         ∞         100%        8


Dungeon Overview and Level Annotations

Branches:
Dungeon (4/15)
 Temple: D:4-7

Altars:
Zin


Innate Abilities, Weirdness & Mutations

You are a hulking beast.
Your limbs bulge with bestial killing power. (Slay +2)
You cannot wear most types of armour.
You are amphibious.
You can wear up to eight rings at the same time.
Your skin changes colour to match your surroundings (Stealth+).
Your rubbery body absorbs attacks. (AC +1, EV +1)
((You are camouflaged when in or above water. (Stealth+)))
You have tentacles for arms and can constrict up to eight enemies at once.
Your body sometimes deteriorates upon taking damage.
Your spells are a little harder to cast, but a little more powerful.


Message History

There is a stone staircase leading up here.
The orc wizard mumbles some strange words.
The orc wizard flickers and vanishes!
Deactivating autopickup; reactivate with Ctrl-A.
You bump into the rock wall.
You feel less confused.
You hear some strange, mumbled words.
A puff of flame appears from out of thin air!
The puff of flame hits you! Something hits you.
There is a stone staircase leading up here.
You closely miss something. Something hits you.
You tentacle-slap something. Something hits you.
You tentacle-slap something.
You hear some strange, mumbled words.
You are confused.
You hear some strange, mumbled words.
A magic dart appears from out of thin air!
The magic dart hits you!
* * * LOW HITPOINT WARNING * * *
You see here a +0 hand axe.
You closely miss something. Your squeeze misses something.
You hear some strange, mumbled words.
You are more confused.
Something hits you.
* * * LOW HITPOINT WARNING * * *
There is a stone staircase leading up here.
You bump into the rock wall.
You hear some strange, mumbled words.
You are more confused.
It was a potion of mutation.
You feel extremely strange.
You feel less in control of your magic.
You feel yourself wasting away. Something hits you.
* * * LOW HITPOINT WARNING * * *
You tentacle-slap something.
You're too confused to move!
You hear some strange, mumbled words.
A magic dart appears from out of thin air!
The magic dart hits you!
You die...

#########.###.....## #.
..........##.†....# #†
#########..##......# #.
...........##......######.
########...####+##........
#...# #.##........ #.).#
#.#......... #.{)#
#.##..###### #.h.# #.##†.#
#.#.####.##..#
#.#..........#
#.######.###.######
#........# #.......
########## ########


There were no monsters in sight!

Vanquished Creatures
  Terence (D:3)
  4 iguanas
  An orc wizard (D:4)
  4 gnolls (D:3)
  3 adders
  An ufetubus (D:4)
  4 dart slugs
  4 worms
  4 orcs (D:4)
  3 ball pythons
  6 bats
  4 endoplasms
  2 giant cockroaches (D:2)
  A goblin (D:4)
  8 hobgoblins
  4 jackals (D:4)
  4 quokkas
  3 frilled lizards (D:1)
  9 kobolds
  8 rats
78 creatures vanquished.

Notes
Turn   | Place    | Note
-------+----------+-------------------------------------------
     0 | D:1      | BubbleThief the Octopode Shapeshifter began the quest for
                  | the Orb.
     0 | D:1      | Reached XP level 1. HP: 13/13 MP: 1/1
   180 | D:1      | Reached XP level 2. HP: 14/18 MP: 2/2
   813 | D:2      | Reached XP level 3. HP: 23/24 MP: 3/3
  1465 | D:3      | Reached XP level 4. HP: 29/29 MP: 4/4
  1618 | D:3      | Noticed Terence
  1626 | D:3      | Killed Terence
  1801 | D:3      | HP: 1/30 [iguana (2)]
  1803 | D:3      | Reached XP level 5. HP: 1/35 MP: 5/5
  2755 | D:4      | Noticed an ogre
  2899 | D:4      | Reached XP level 6. HP: 40/42 MP: 6/6
  3200 | D:4      | Found a glowing silver altar of Zin.
  3201 | D:4      | Noticed an angel
  3495 | D:4      | Gained mutation: Your spells are a little harder to cast,
                  | but a little more powerful. [potion of mutation]
  3495 | D:4      | Gained mutation: Your body sometimes deteriorates upon
                  | taking damage. [potion of mutation]
  3497 | D:4      | Killed from afar by an orc wizard

Illustrated notes

Levels and vault maps discovered:
D:1:      psy_arrival_radial01, layout_basic
D:2:      layout_basic
D:3:      layout_basic, uniq_terence
D:4:      layout_basic, nicolae_ashenzari_skybound, zin_angel,
          grunt_ministairs_2

Skill      XL: |  1  2  3  4  5 |
---------------+----------------+-----
Fighting       | 2 3 |  3.6
Unarmed Combat | 4 |  4.6
Shapeshifting  | 4 |  4.2
Dodging        | |  2.0

Action                     |  1- 3 |  4- 6 || total
---------------------------+-------+-------++-------
  Melee: Unarmed           |    72 |    89 ||   161
         Constrict         |    22 |    23 ||    45
         Tentacles         |    10 |    27 ||    37
         Punch             |     5 |     1 ||     6
    Use: Potion            |       |     1 ||     1
   Stab: Sleeping          |     6 |     7 ||    13
 Armour: Skin              |       |     2 ||     2
  Dodge: Dodged            |    48 |    51 ||    99

Table legend: (Time is in decaauts)
 A = Elapsed time spent in this place.
 B = Non-inter-level travel time spent in this place.
 C = Inter-level travel time spent in this place.
 D = Time resting spent in this place.
 E = Time spent auto-exploring this place.
 F = Levels seen in this place.
 G = Mean time per level.
                   A        B        C        D        E       F      G
               +--------+--------+--------+--------+--------+-----+--------+
         Total |   3488 |   3293 |    195 |    180 |   2535 |   4 |  872.0 |
       Dungeon |   3488 |   3293 |    195 |    180 |   2535 |   4 |  872.0 |
               +--------+--------+--------+--------+--------+-----+--------+

Top non-repeatable levels by time:
     D:3: 1568 daAuts
     D:2: 729 daAuts
     D:1: 699 daAuts
     D:4: 492 daAuts
